 Dungeon Crawl Stone Soup version 0.29-a0-275-g389c0b56f3 (webtiles) character file.

Game seed: 2482975358301475

437 drugrobin the Chopper (level 6, 0/50 HPs)
             Began as a Demigod Fighter on Mar 10, 2022.
             Slain by a gnoll
             ... wielding a +0 club
              (5 damage)
             ... on level 5 of the Dungeon.
             The game lasted 00:05:50 (3699 turns).

drugrobin the Chopper (Demigod Fighter)             Turns: 3699, Time: 00:05:51

Health: 0/50       AC:  7    Str: 25    XL:     6   Next: 41%
Magic:  8/8        EV:  9    Int: 16    God:
Gold:   242        SH:  4    Dex: 13    Spells: 5/5 levels left

rFire   . . .      SeeInvis .   a - +0 war axe
rCold   . . .      Faith    .   c - +0 buckler
rNeg    . . .      Spirit   .   b - +0 scale mail
rPois   .          Reflect  .   l - +0 helmet
rElec   .          Harm     .   (no cloak)
rCorr   .          Rampage  .   (no gloves)
Will    .....                   (no boots)
Stlth   ..........              (no amulet)
HPRegen 0.16/turn               j - +6 ring of intelligence
MPRegen 0.11/turn               (no ring)

@: no status effects
A: high MP 1, forlorn, divine attributes
a: no special abilities


You were on level 5 of the Dungeon.
You visited 1 branch of the dungeon, and saw 5 of its levels.

You collected 242 gold pieces.

Inventory:

Hand Weapons
 a - a +0 war axe (weapon)
 e - a +0 mace of draining
Missiles
 m - a poisoned dart
 o - 2 throwing nets (quivered)
 q - 6 boomerangs of dispersal
Armour
 b - a +0 scale mail (worn)
 c - a +0 buckler (worn)
 l - a +0 helmet (worn)
Jewellery
 j - a +6 ring of intelligence (left hand)
Wands
 s - a wand of mindburst (9)
Scrolls
 f - a scroll of amnesia {unknown}
 g - 2 scrolls of teleportation {unknown}
 i - 7 scrolls of identify {unknown}
 w - 2 scrolls of enchant armour {unknown}
 y - a scroll of noise {unknown}
Potions
 d - 3 potions of might
 h - 4 potions of curing {unknown}
 k - a potion of haste {unknown}
 n - 2 potions of mutation {unknown}
 p - a potion of flight {unknown}
 r - a potion of resistance {unknown}
 t - a potion of magic {unknown}
 u - a potion of cancellation {unknown}
 v - 2 potions of heal wounds {unknown}
 x - a potion of degeneration {unknown}


   Skills:
 - Level 2.6 Fighting
 + Level 6.6 Axes
 - Level 2.6 Armour
 - Level 2.6 Shields


You had 5 spell levels left.
You didn't know any spells.
Your spell library contained the following spells:

 Spells                   Type           Power      Damage    Failure   Level
 Scorch                   Fire           0%         2d5       77%         2
 Flame Wave               Conj/Fire      0%         2d4       100%        4
 Summon Cactus Giant      Summ           0%         N/A       100%        6


Dungeon Overview and Level Annotations

Branches:
Dungeon (5/15)             Temple (0/1) D:5

Shops:
D:4 :


Innate Abilities, Weirdness & Mutations

You have an increased reservoir of magic. (+10% MP)
You shall have no god before yourself.
Your divine heritage dramatically boosts your attributes as you level up.


Message History

The gnoll hits you with a +0 club.
* * * LOW HITPOINT WARNING * * *
You block the gnoll's attack. The gnoll hits you but does no damage.
Unknown command.
You hit the gnoll.
The gnoll is heavily wounded.
You block the gnoll's attack. The gnoll hits you but does no damage.
The gnoll closely misses you.
Unknown command.
You hit the gnoll but do no damage.
The gnoll is heavily wounded.
The gnoll hits you with a +0 club.
* * * LOW HITPOINT WARNING * * *
The gnoll closely misses you.
The gnoll hits you from afar with a +0 spear.
* * * LOW HITPOINT WARNING * * *
The gnoll hits you with a +0 club.
* * * LOW HITPOINT WARNING * * *
The gnoll closely misses you. x2
Unknown command.
Unknown command.
The gnoll attacks as you move away! The gnoll hits you with a +0 club.
* * * LOW HITPOINT WARNING * * *
Unknown command.
Unknown command.
The gnoll attacks as you move away! The gnoll hits you but does no damage.
The gnoll attacks as you move away! You block the gnoll's attack.
The gnoll attacks as you move away! The gnoll closely misses you.
The gnoll attacks as you move away! You block the gnoll's attack.
The gnoll attacks as you move away! The gnoll barely misses you.
The gnoll attacks as you move away! You block the gnoll's attack.
The gnoll attacks as you move away! The gnoll barely misses you.
The gnoll attacks as you move away! You block the gnoll's attack.
The gnoll attacks as you move away! The gnoll hits you with a +0 club.
* * * LOW HITPOINT WARNING * * *
Unknown command.
Okay, then.
The gnoll attacks as you move away! The gnoll closely misses you.
The gnoll attacks as you move away! The gnoll hits you with a +0 club.
You die...

#.....# #...... ####'###.#
##########.#.##. #......#.#
#............... #......#.#
####......≈≈≈≈≈.... ###......#.#
#......g≈≈≈≈≈≈≈≈≈.. ....†......#
#.....≈≈≈≈≈≈≈≈≈≈≈≈≈ ###........#
#...g≈≈≈≈≈≈...≈≈≈≈≈ #
#......#.####..g.≈≈≈≈≈≈.>.≈≈≈≈≈ #
####+###....'.@..≈≈≈≈≈≈...≈≈≈≈≈
## #.####.###....≈≈≈≈≈≈≈≈≈≈≈≈≈≈
.# #.[............≈≈≈≈≈≈≈≈≈≈≈≈≈
.# ######..##.......≈≈≈≈≈≈≈≈≈..
.##########......#......≈≈≈≈≈....
.+.........<.....................
.###...........#.....###...###.#.
...+..........)..#.#.###...###.#.
####...........#.#.........'.#.#.


You could see 3 gnolls.

Vanquished Creatures
  An ogre (D:5)
  2 necrophages
  2 hounds (D:5)
  6 adders
  4 gnolls (D:4)
  An ufetubus (D:5)
  A worm (D:4)
  2 dart slugs (D:2)
  An orc (D:3)
  3 bats
  9 endoplasms
  2 giant cockroaches
  6 goblins
  5 hobgoblins
  7 jackals (D:1)
  7 kobolds
  2 quokkas
  5 ball pythons
  3 frilled lizards
  4 rats
73 creatures vanquished.

Notes
Turn   | Place    | Note
-------+----------+-------------------------------------------
     0 | D:1      | drugrobin the Demigod Fighter began the quest for the Orb.
     0 | D:1      | Reached XP level 1. HP: 18/18 MP: 3/3
    36 | D:1      | Reached skill level 2 in Axes
   245 | D:1      | Reached XP level 2. HP: 22/25 MP: 4/4
   376 | D:1      | Reached skill level 3 in Axes
   712 | D:2      | Reached XP level 3. HP: 29/30 MP: 5/5
  1082 | D:2      | Reached skill level 4 in Axes
  1111 | D:2      | Reached XP level 4. HP: 10/37 MP: 6/6
  1844 | D:3      | Noticed a necrophage
  1868 | D:3      | Killed a necrophage
  1895 | D:3      | Reached skill level 5 in Axes
  2099 | D:3      | Reached XP level 5. HP: 38/42 MP: 7/7
  2805 | D:4      | Found Wasut's Book Boutique.
  3219 | D:5      | Entered Level 5 of the Dungeon
  3360 | D:5      | Found a staircase to the Ecumenical Temple.
  3438 | D:5      | Noticed an ogre
  3447 | D:5      | Killed an ogre
  3448 | D:5      | Reached skill level 6 in Axes
  3448 | D:5      | Reached XP level 6. HP: 50/50 MP: 8/8
  3699 | D:5      | Slain by a gnoll

Illustrated notes

Levels and vault maps discovered:
D:1:      lemuel_arrival_behind_the_door_large, layout_rooms,
          hellmonk_ecumenical_altar_lost_god
D:2:      layout_rooms
D:3:      layout_rooms
D:4:      layout_basic, serial_shops, nicolae_shop_advertising_works
          [nicolae_subvault_shop_adworks]
D:5:      layout_basic, temple_pool_b

Skill      XL: |  1  2  3  4  5 |
---------------+----------------+-----
Axes           | 2 3 4 5 6 |  6.6
Fighting       | |  2.6
Armour         | |  2.6
Shields        | |  2.6

Action                   |  1- 3 |  4- 6 || total
-------------------------+-------+-------++-------
Melee: War axe           |   104 |   110 ||   214
Throw: Dart              |    10 |     2 ||    12
       Throwing net      |       |     1 ||     1
Evoke: Wand              |       |     2 ||     2
Armor: Scale mail        |    44 |    45 ||    89
Dodge: Dodged            |    38 |    48 ||    86
Block: Buckler           |    29 |    34 ||    63

Table legend: (Time is in decaauts)
 A = Elapsed time spent in this place.
 B = Non-inter-level travel time spent in this place.
 C = Inter-level travel time spent in this place.
 D = Time resting spent in this place.
 E = Time spent auto-exploring this place.
 F = Levels seen in this place.
 G = Mean time per level.
                   A        B        C        D        E       F      G
               +--------+--------+--------+--------+--------+-----+--------+
         Total |   3772 |   3675 |     97 |    594 |   2315 |   5 |  754.4 |
       Dungeon |   3772 |   3675 |     97 |    594 |   2315 |   5 |  754.4 |
               +--------+--------+--------+--------+--------+-----+--------+

Top non-repeatable levels by time:
     D:2: 1078 daAuts
     D:4: 925 daAuts
     D:1: 733 daAuts
     D:3: 545 daAuts
     D:5: 490 daAuts
